 Dungeon Crawl Stone Soup version 0.29.1-13-g9f3cf754e1 (webtiles) character file.

Game seed: 5678627141912639527

14 bubby the Sneak (level 2, -3/18 HPs)
             Began as a Kobold Brigand on Jan 27, 2023.
             Was a Follower of Wu Jian.
             Killed from afar by a dart slug (4 damage)
             ... with a slug dart
             ... on level 2 of the Dungeon.
             The game lasted 00:03:54 (1355 turns).

bubby the Sneak (Kobold Brigand)                    Turns: 1355, Time: 00:03:55

Health: -3/18      AC:  3    Str:  8    XL:     2   Next: 60%
Magic:  2/2        EV: 14    Int: 12    God:    Wu Jian [*.....]
Gold:   63         SH:  0    Dex: 16    Spells: 1/1 levels left

rFire   . . .      SeeInvis .   a - +2 dagger
rCold   . . .      Faith    .   (no shield)
rNeg    . . .      Spirit   .   b - +0 robe
rPois   .          Reflect  .   (no helmet)
rElec   .          Harm     .   c - +0 cloak
rCorr   .          Rampage  .   (no gloves)
Will    .....                   (no boots)
Stlth   ++++......              (no amulet)
HPRegen 0.06/turn               (no ring)
MPRegen 0.08/turn               (no ring)

@: no status effects
A: small, no large weapons, nightstalker 3
a: Renounce Religion


You were on level 2 of the Dungeon.
You worshipped Wu Jian.
Wu Jian was aware of your devotion.
You visited 1 branch of the dungeon, and saw 2 of its levels.

You collected 63 gold pieces.

Inventory:

Hand Weapons
 a - a +2 dagger (weapon)
 k - a +0 rapier
Missiles
 d - 9 poisoned darts (quivered)
 e - 3 curare-tipped darts
Armour
 b - a +0 robe (worn)
 c - a +0 cloak (worn)
 l - an orb of guile
Scrolls
 f - a scroll of identify {unknown}
 h - a scroll of enchant armour {unknown}
 i - a scroll of amnesia {unknown}
 j - a scroll of fear {unknown}
Potions
 g - 2 potions of might {unknown}


   Skills:
 + Level 2.5 Fighting
 + Level 3.1 Short Blades
 - Level 2.1 Throwing
 + Level 1.8 Dodging
 + Level 5.5 Stealth


You had one spell level left.
You didn't know any spells.
Your spell library contained the following spells:

 Spells                   Type           Power      Damage    Failure   Level
 Apportation              Tloc           0%         N/A       32%         1
 Gell's Gravitas          Tloc           0%         N/A       69%         3
 Teleport Other           Tloc           0%         N/A       69%         3
 Alistair's Intoxication  Tmut/Pois      0%         N/A       100%        5
 Dispersal                Tloc           0%         N/A       100%        6


Dungeon Overview and Level Annotations

Branches:
Dungeon (2/15)

Altars:
Wu Jian

Shops:
D:1 :*?[[


Innate Abilities, Weirdness & Mutations

You are small and have problems with some larger weapons.
You are completely attuned to the shadows.


Message History

You climb downwards.
There is a stone staircase leading up here.
Okay, then.
Found 4 stones.
Found a scale mail.
Found a stone staircase leading down.
There is a stone staircase leading down here.
You now have 63 gold pieces (gained 9).
You pick up a There-And-Back Book and begin reading...
You add the spells Gell's Gravitas, Teleport Other and Dispersal to your library.
A gnoll comes into view. It is wielding a +0 whip.
A gnoll is nearby!
Found a thin runed staff.
A gnoll comes into view. It is wielding a +0 flail.
A gnoll comes into view. It is wielding a +0 whip.
The gnoll shouts! x2
The gnoll hits you with a +0 whip.
You hit the gnoll.
The gnoll is moderately wounded.
You hit the gnoll.
The gnoll is heavily wounded.
The gnoll hits you with a +0 whip.
You closely miss the gnoll.
The gnoll is heavily wounded.
The gnoll misses you.
You hit the gnoll.
The gnoll is heavily wounded.
The gnoll misses you. x3
A dart slug comes into view.
You hit the gnoll.
The gnoll is severely wounded.
The gnoll closely misses you. The gnoll barely misses you.
The gnoll hits you with a +0 flail!
Ouch! That really hurt!
* * * LOW HITPOINT WARNING * * *
You spin and attack the gnoll.
You hit the gnoll.
The gnoll is lightly wounded.
The dart slug launches a dart at you. The slug dart hits you.
You die...

...>...... ....####..
....# ....## .....#
#.#..w... .....#
#........
.....#######+#.|......
.....##..........gg...
................@g....
..............###.....
###....###....# #.....
.......###....# #.....
..............# #.....
..............# #.....
....##........###.....
#........#.......
#####....#.#.....


You could see 3 gnolls and a dart slug.

Vanquished Creatures
  2 endoplasms (D:1)
  A giant cockroach (D:1)
  3 hobgoblins (D:1)
  3 jackals (D:1)
  A ball python (D:1)
  A bat (D:1)
  A rat (D:1)
12 creatures vanquished.

Notes
Turn   | Place    | Note
-------+----------+-------------------------------------------
     0 | D:1      | bubby the Kobold Brigand began the quest for the Orb.
     0 | D:1      | Reached XP level 1. HP: 12/12 MP: 1/1
    79 | D:1      | Found Gopporil's Armour Shoppe.
   246 | D:1      | Found Vomabo's Armour Shoppe.
   256 | D:1      | Reached XP level 2. HP: 16/18 MP: 2/2
   623 | D:1      | Found Ruylat's General Store.
   653 | D:1      | Found Puphi's Magic Scroll Shop.
   880 | D:1      | Found a faded altar of an unknown god.
   945 | D:1      | Found Vuuruicy's Book Emporium.
  1003 | D:1      | Prayed at the altar of an unknown god.
  1003 | D:1      | Became a worshipper of the Wu Jian Council
  1003 | D:1      | Reached * piety under Wu Jian
  1355 | D:2      | Killed from afar by a dart slug

Illustrated notes

Levels and vault maps discovered:
D:1:      eino_arrival_water_cross, layout_basic,
          hellmonk_ecumenical_altar_inner_sanctum, serial_shops,
          nicolae_diamond_shop, nicolae_diamond_shop, nicolae_diamond_shop,
          shop_scrolls, nicolae_square_shop, minmay_crystal_water, minivault_27
D:2:      layout_basic, minmay_pentomino_x2

Skill      XL: |  1  2 |
---------------+-------+-----
Short Blades   | 3 |  3.1
Fighting       | |  2.5
Throwing       | |  2.1
Dodging        | |  1.8
Stealth        | |  5.5

Action                   || total
-------------------------++-------
Melee: Dagger            ||    42
Invok: Whirlwind         ||     1
 Stab: Sleeping          ||     5
Armor: Robe              ||     5
Dodge: Dodged            ||    46
